 Dungeon Crawl Stone Soup version 0.28-a0-533-g9f97627 (webtiles) character file.

Game seed: 4995810339225631252

683 Sixotanaka the Tainter (level 7, -4/46 HPs)
             Began as a Merfolk Venom Mage on Sept 25, 2021.
             Slain by Duvessa (7 damage)
             ... on level 6 of the Dungeon.
             The game lasted 00:15:14 (5648 turns).

Sixotanaka the Tainter (Merfolk Venom Mage)         Turns: 5648, Time: 00:15:15

Health: -4/46      AC:  4    Str:  6 (8)  XL:     7   Next: 61%
Magic:  2/10       EV: 11    Int: 14 (16) God:
Gold:   236        SH:  0    Dex: 14 (15) Spells: 5/10 levels left

rFire   . . .      SeeInvis .   f - +0 dagger
rCold   + . .      Faith    .   (no shield)
rNeg    . . .      Spirit   .   n - +0 leather armour
rPois   .          Reflect  .   g - +0 helmet
rElec   .          Harm     .   (no cloak)
rCorr   .          Rampage  .   (no gloves)
Will    +....                   (no boots)
Stlth   ++........              (no amulet)
HPRegen 0.15/turn               a - ring of protection from cold
MPRegen 0.12/turn               h - ring of willpower

@: no status effects
A: (nimble swimmer 2), mertail
a: no special abilities


You were on level 6 of the Dungeon.
You visited 1 branch of the dungeon, and saw 6 of its levels.

You collected 236 gold pieces.

Inventory:

Hand Weapons
 f - a +0 dagger (weapon)
Armour
 g - a +0 helmet (worn)
 i - a +0 kite shield
 n - a +0 leather armour (worn)
Magical Staves
 k - a staff of death
Jewellery
 a - a ring of protection from cold (left hand)
 e - a ring of see invisible
 h - a ring of willpower (right hand)
Scrolls
 b - a scroll of teleportation {unknown}
 c - a scroll of amnesia
 d - a scroll of enchant weapon
Potions
 j - 2 potions of mutation


   Skills:
 - Level 2.6 Dodging
 - Level 2.1 Stealth
 - Level 2.0 Spellcasting
 - Level 1.3 Transmutations
 + Level 9.5 Poison Magic


You had 5 spell levels left.
You knew the following spells:

 Your Spells              Type           Power      Damage    Failure   Level
a - Sting                 Tmut/Pois      64%        1d6       4%          1
b - Olgreb's Toxic Radia  Pois           28%        N/A       8%          4

Your spell library contained the following spells:

 Spells                   Type           Power      Damage    Failure   Level
 Poisonous Vapours        Pois/Air       28%        N/A       8%          2
 Mephitic Cloud           Conj/Pois/Air  10%        N/A       30%         3


Dungeon Overview and Level Annotations

Branches:
Dungeon (6/15)
 Temple: D:4-7

Altars:
Cheibriados
Hepliaklqana

Annotations:
D:3 3 exclusions, Grinder
D:5 exclusion: downstairs, Eustachio
D:6 Duvessa, Pikel


Innate Abilities, Weirdness & Mutations

((You are quick and stealthy near water. (Stealth+, EV+, Speed+++)))
Your lower body shifts to a powerful aquatic tail in water.


Message History

Press: ? - help, Shift-Dir - straight line, f/p - Duvessa
Aim: Duvessa, wielding a +0 short sword and wearing a +0 ring mail (lightly wounded, berserk, poisoned, 81% to hit)
The sting hits Duvessa.
Duvessa looks even sicker.
Duvessa is moderately wounded.
Duvessa hits you with a +0 short sword.
Okay, then.
Okay, then.
Casting: Sting (safe; 4% risk of failure)
Confirm with . or Enter, or press ? or * to list all spells.
Okay, then.
Casting: Sting (safe; 4% risk of failure)
Confirm with . or Enter, or press ? or * to list all spells.
Aiming: Sting (safe; 4% risk of failure)
Press: ? - help, Shift-Dir - straight line, f/p - Duvessa
Aim: Duvessa, wielding a +0 short sword and wearing a +0 ring mail (moderately wounded, berserk, very poisoned, 81% to hit)
The sting hits Duvessa but does no damage.
Duvessa looks even sicker.
Duvessa is moderately wounded.
Duvessa hits you with a +0 short sword! Duvessa closely misses you.
Casting: Sting (safe; 4% risk of failure)
Confirm with . or Enter, or press ? or * to list all spells.
Aiming: Sting (safe; 4% risk of failure)
Press: ? - help, Shift-Dir - straight line, f/p - Duvessa
Aim: Duvessa, wielding a +0 short sword and wearing a +0 ring mail (moderately wounded, berserk, very poisoned, 81% to hit)
The sting misses Duvessa.
Duvessa hits you with a +0 short sword! Duvessa barely misses you.
You hear a shout!
You see here an inky potion.
You hear a shout! x3; You hear a loud, deep croak!
Duvessa hits you with a +0 short sword!
* * * LOW HITPOINT WARNING * * *
A lemure comes into view.
The lemure shouts!
Duvessa rages. 2 lemures and Pikel come into view.
Pikel is wielding a +2 whip of freezing and carrying a wand of paralysis (9).
The lemure shouts!
The lemure moves out of view.
Duvessa hits you with a +0 short sword!
You die...

###
#@##############
#.#e##..<..)....#
#.#....!#######(..
##..5#### ##.## #K
#. #5 #. ##+##


You could see Duvessa (berserk, very poisoned) and a lemure.

Vanquished Creatures
  An ogre (D:5)
  A black bear (D:4)
  2 scorpions
  Dowan (D:6)
  A water moccasin skeleton (D:5)
  A centaur zombie (D:5)
  A hound (D:4)
  Jessica (D:3)
  Terence (D:3)
  An iguana (D:4)
  A hound zombie (D:5)
  A howler monkey zombie (D:5)
  5 adders
  An ufetubus (D:4)
  4 worms
  4 dart slugs
  3 orcs
  5 endoplasms
  6 giant cockroaches
  9 goblins
  8 hobgoblins
  4 kobolds
  3 quokkas
  5 ball pythons
  2 bats
  A frilled lizard (D:3)
  2 rats
75 creatures vanquished.

Notes
Turn   | Place    | Note
-------+----------+-------------------------------------------
     0 | D:1      | Sixotanaka the Merfolk Venom Mage began the quest for the
                  | Orb.
     0 | D:1      | Reached XP level 1. HP: 13/13 MP: 3/3
   408 | D:1      | Reached XP level 2. HP: 19/19 MP: 3/5
   503 | D:1      | Reached skill level 4 in Poison Magic
  1125 | D:2      | Reached XP level 3. HP: 24/24 MP: 2/6
  1707 | D:2      | Reached skill level 5 in Poison Magic
  2153 | D:3      | Noticed Grinder
  2199 | D:3      | Noticed a scorpion
  2210 | D:3      | Killed a scorpion
  2211 | D:3      | Reached skill level 6 in Poison Magic
  2211 | D:3      | Reached XP level 4. HP: 22/30 MP: 2/7
  2306 | D:3      | Reached XP level 5. HP: 35/35 MP: 1/8
  2311 | D:3      | Learned a level 4 spell: Olgreb's Toxic Radiance
  2559 | D:3      | Noticed Terence
  2582 | D:3      | Killed Terence
  2742 | D:3      | Noticed Jessica
  2774 | D:3      | Killed Jessica
  3117 | D:4      | Reached skill level 7 in Poison Magic
  3150 | D:4      | Noticed a black bear
  3485 | D:4      | Reached XP level 6. HP: 21/41 MP: 2/9
  3690 | D:4      | Killed a black bear
  3760 | D:4      | Found a hazy altar of Hepliaklqana.
  3782 | D:4      | Found a snail-covered altar of Cheibriados.
  3991 | D:5      | Entered Level 5 of the Dungeon
  4003 | D:4      | Reached skill level 8 in Poison Magic
  4230 | D:5      | Noticed Eustachio
  4812 | D:5      | Reached XP level 7. HP: 46/46 MP: 4/10
  5071 | D:5      | Reached skill level 9 in Poison Magic
  5301 | D:5      | HP: 1/46 [water moccasin skeleton (5)]
  5627 | D:6      | Noticed Dowan
  5628 | D:6      | Noticed Duvessa
  5639 | D:6      | Killed Dowan
  5647 | D:6      | Noticed Pikel
  5648 | D:6      | Slain by Duvessa

Illustrated notes

Levels and vault maps discovered:
D:1:      co_arrival_square_in_a_square_in_a_square, layout_basic
D:2:      layout_basic, minmay_worlds_worst_comb
D:3:      layout_basic, uniq_grinder, uniq_terence, uniq_jessica
D:4:      layout_rooms, cheibrodos_worm_habitat,
          mainiacjoe_overflow_small_starburst, minmay_misc_feat_more_columns,
          moated_statue
D:5:      wander_river, layout_basic, hangedman_decor_riveting, uniq_sigmund,
          uniq_eustachio
D:6:      layout_loops_corners, uniq_duvessa, uniq_pikel,
          uniq_crazy_yiuf_cottage

Skill      XL: |  1  2  3  4  5  6  7 |
---------------+----------------------+-----
Poison Magic   | 4 6 7 8 9 |  9.5
Dodging        | |  2.6
Stealth        | |  2.1
Spellcasting   | |  2.0
Transmutations | |  1.3

Action                   |  1- 3 |  4- 6 |  7- 9 || total
-------------------------+-------+-------+-------++-------
Melee: Dagger            |     4 |    68 |    65 ||   137
       Tailslap          |       |     4 |     1 ||     5
 Cast: Sting             |    73 |    97 |    10 ||   180
       Olgreb's Toxic Ra |       |       |     1 ||     1
  Use: Scroll            |     2 |     1 |       ||     3
       Potion            |       |       |     2 ||     2
 Stab: Sleeping          |       |     2 |     1 ||     3
Armor: Robe              |     2 |    27 |       ||    29
       Leather armour    |       |       |    20 ||    20
Dodge: Dodged            |    17 |    78 |    50 ||   145

Table legend: (Time is in decaauts)
 A = Elapsed time spent in this place.
 B = Non-inter-level travel time spent in this place.
 C = Inter-level travel time spent in this place.
 D = Time resting spent in this place.
 E = Time spent auto-exploring this place.
 F = Levels seen in this place.
 G = Mean time per level.
                   A        B        C        D        E       F      G
               +--------+--------+--------+--------+--------+-----+--------+
         Total |   5599 |   5359 |    240 |   2037 |    987 |   6 |  933.2 |
       Dungeon |   5599 |   5359 |    240 |   2037 |    987 |   6 |  933.2 |
               +--------+--------+--------+--------+--------+-----+--------+

Top non-repeatable levels by time:
     D:5: 1465 daAuts
     D:2: 1259 daAuts
     D:3: 1099 daAuts
     D:1: 878 daAuts
     D:4: 875 daAuts
     D:6: 21 daAuts
